 Dungeon Crawl Stone Soup version 0.32-a0-871-ge202e49faa (console) character file.

Game seed: 8377336558432095770

1589621 starberry the Impregnable (level 27, 231/231 HPs)
             Began as a Barachi Wanderer on Mar 29, 2024.
             Was the Champion of Okawaru.
             Escaped with the Orb
             ... and 3 runes!
             The game lasted 03:39:54 (75778 turns).

starberry the Impregnable (Barachi Wanderer)       Turns: 75778, Time: 03:39:54

Health: 231/231    AC: 32    Str: 27    XL:     27
Magic:  44/44      EV: 24    Int: 24    God:    Okawaru [******]
Gold:   3897       SH: 15    Dex: 19    Spells: 46/60 levels left

rFire   + . .        b - +8 demon whip (freeze)
rCold   + + +        F - +2 buckler "Sirot" {Int+3 Slay+3}
rNeg    . . .        S - +7 Kryia's mail coat {PotionHeal*2 rC+}
rPois   +            J - +2 helmet of Kurud {rPois Regen+ Str+3 Dex-2}
rElec   +            k - +2 cloak
rCorr   .            Q - +1 pair of gloves "Ulecky" {Str+3 Slay+6}
SInv    .            P - +0 pair of boots of Polish {+Blink Will+}
Will    +++..        y - amulet of Rurghula {Reflect rElec Dex+4 SH+5}
Stlth   +            w - ring "Oronewup" {rElec rF+ rC+ Int+4 Stlth-}
HPRegen 1.38/turn    x - ring "Qiunowno" {Fly rC+ Int+3 Slay+3}
MPRegen 0.29/turn

%: reflection
@: unable to hop, flying, slow
A: amphibious, slowness 1, strong legs 2, +LOS
0: Orb of Zot
}: 3/15 runes: decaying, silver, gossamer
a: Hop, Renounce Religion, Evoke Blink, Heroism, Finesse, Duel


You escaped.
You worshipped Okawaru.
Okawaru was exalted by your worship.
You visited 8 branches of the dungeon, and saw 44 of its levels.
You also visited: Ossuary, Gauntlet and Volcano.

You collected 8221 gold pieces.
You spent 4324 gold pieces at shops.

Inventory:

Hand Weapons
 a - a +1 vampiric demon whip
 b - a +8 demon whip of freezing (weapon)
Missiles
 h - 21 darts of dispersal
 B - 16 curare-tipped darts
 D - 19 silver javelins
 I - 5 throwing nets
 K - 18 javelins
 V - 54 boomerangs (quivered)
Armour
 k - a +2 cloak (worn)
 F - the +2 buckler "Sirot" (worn) {Int+3 Slay+3}
   (You bought it in a shop on level 2 of the Orcish Mines)

   Int+3:     It affects your intelligence (+3).
   Slay+3:    It affects your accuracy & damage with ranged weapons and melee
   (+3).
 J - the +2 helmet of Kurud (worn) {rPois Regen+ Str+3 Dex-2}
   (You acquired it on level 5 of the Vaults)

   Str+3:     It affects your strength (+3).
   Dex-2:     It affects your dexterity (-2).
   rPois:     It protects you from poison.
   Regen+:    It increases your rate of health regeneration.
 P - the +0 pair of boots of Polish (worn) {+Blink Will+}
   (You acquired it on level 1 of the Swamp)

   Will+:     It increases your willpower.
   +Blink:    It lets you blink.
 Q - the +1 pair of gloves "Ulecky" (worn) {Str+3 Slay+6}
   (Okawaru gifted it to you on level 2 of the Lair of Beasts)

   Str+3:     It affects your strength (+3).
   Slay+6:    It affects your accuracy & damage with ranged weapons and melee
   (+6).
 S - the +7 Kryia's mail coat (worn) {PotionHeal*2 rC+}
   (You took it off a minotaur in a Gauntlet)

   PotionHeal*2: Potions heal its wearer twice as much.
   rC+:       It protects you from cold.
Jewellery
 p - a ring of see invisible
 w - the ring "Oronewup" (left hand) {rElec rF+ rC+ Int+4 Stlth-}
   (You found it on level 13 of the Dungeon)

   [ring of protection from fire]

   Int+4:     It affects your intelligence (+4).
   rF+:       It protects you from fire.
   rC+:       It protects you from cold.
   rElec:     It insulates you from electricity.
   Stlth-:    It makes you less stealthy.
 x - the ring "Qiunowno" (right hand) {Fly rC+ Int+3 Slay+3}
   (You found it in a Gauntlet)

   [ring of flight]

   Int+3:     It affects your intelligence (+3).
   Slay+3:    It affects your accuracy & damage with ranged weapons and melee
   (+3).
   rC+:       It protects you from cold.
   Fly:       It grants you flight.
 y - the amulet of Rurghula (around neck) {Reflect rElec Dex+4 SH+5}
   (You bought it in a shop on level 2 of the Orcish Mines)

   [amulet of reflection]

   Reflect:   It reflects blocked missile attacks.
   Dex+4:     It affects your dexterity (+4).
   rElec:     It insulates you from electricity.
   SH+5:      It affects your SH (+5).
 H - the ring of Xaumix {rPois rF+ Int+3 Dex+3}
   (You found it on level 3 of the Depths)

   [ring of poison resistance]

   Int+3:     It affects your intelligence (+3).
   Dex+3:     It affects your dexterity (+3).
   rF+:       It protects you from fire.
   rPois:     It protects you from poison.
 M - the ring "Oteynk" {Wiz rN+}
   (You found it on level 1 of the Swamp)

   [ring of wizardry]

   Wiz:       It improves your spell success rate.
   rN+:       It protects you from negative energy.
 R - a ring of willpower
Wands
 l - a wand of digging (14)
 E - a wand of acid (24)
 T - a wand of roots (30)
Scrolls
 c - 12 scrolls of fog
 d - 9 scrolls of fear
 e - 3 scrolls of silence
 g - 29 scrolls of teleportation
 m - 11 scrolls of poison
 n - 5 scrolls of torment
 o - a scroll of brand weapon
 q - 8 scrolls of enchant armour
 v - 6 scrolls of vulnerability
 z - 6 scrolls of blinking
 L - 8 scrolls of immolation
 U - 5 scrolls of revelation
Potions
 f - 13 potions of heal wounds
 i - 11 potions of mutation
 j - 4 potions of berserk rage
 r - 3 potions of cancellation
 s - 19 potions of curing
 t - 7 potions of haste
 u - a potion of resistance
 A - 11 potions of brilliance
 N - 3 potions of enlightenment
 O - 9 potions of magic
 W - 5 potions of invisibility
 Y - 5 potions of might
 Z - 6 potions of ambrosia
Miscellaneous
 C - a phial of floods
 G - a condenser vane


   Skills:
 - Level 22.0 Fighting
 - Level 4.2(8.6) Axes
 - Level 11.6(12.0) Maces & Flails
 - Level 16.0 Throwing
 - Level 22.0 Armour
 - Level 22.0 Dodging
 - Level 8.0 Stealth
 - Level 16.0 Shields
 - Level 17.0 Spellcasting
 - Level 18.0 Hexes
 - Level 4.0 Translocations
 + Level 13.2 Invocations
 - Level 10.0 Evocations


You had 46 spell levels left.
You knew the following spells:

 Your Spells              Type           Power      Damage    Failure   Level
a - Enfeeble              Hex            41%        N/A       2%          7
b - Silence               Hex/Air        29%        N/A       3%          5
B - Blink                 Tloc           80%        N/A       1%          2

Your spell library contained the following spells:

 Spells                   Type           Power      Damage    Failure   Level
 Slow                     Hex            100%       N/A       0%          1
 Jinxbite                 Hex            100%       N/A       0%          2
 Confusing Touch          Hex            82%        N/A       0%          3
 Sigil of Binding         Hex            82%        N/A       0%          3
 Apportation              Tloc           80%        N/A       1%          1
 Lesser Beckoning         Tloc           80%        N/A       1%          2
 Dazzling Flash           Conj/Hex       100%       N/A       1%          3
 Inner Flame              Hex/Fire       59%        N/A       1%          3
 Anguish                  Hex/Necr       29%        N/A       1%          4
 Cause Fear               Hex            41%        N/A       1%          4
 Momentum Strike          Conj/Tloc      60%        3d9       2%          2
 Teleport Other           Tloc           40%        N/A       2%          3
 Metabolic Englaciation   Hex/Ice        29%        N/A       3%          5
 Foxfire                  Conj/Fire      80%        2x1d8     4%          1
 Kiss of Death            Conj/Necr      80%        2d11      4%          1
 Magic Dart               Conj           80%        1d7       4%          1
 Necrotise                Necr           80%        1d8       4%          1
 Sandblast                Erth           40%        2d10      4%          1
 Sting                    Conj/Alch      80%        1d8       4%          1
 Volatile Blastmotes      Fire/Tloc      60%        2d15      5%          3
 Cigotuvi's Dreadful Rot  Necr/Alch/Air  40%        N/A       6%          2
 Mercury Vapours          Alch/Air       40%        N/A       6%          2
 Maxwell's Portable Pile  Tloc           40%        2d(11-22) 8%          4
 Frozen Ramparts          Ice            40%        1d7       13%         3
 Mephitic Cloud           Conj/Alch/Air  20%        N/A       13%         3
 Ozocubu's Armour         Ice            20%        N/A       13%         3
 Passwall                 Erth           20%        N/A       13%         3
 Stone Arrow              Conj/Erth      40%        3d9       13%         3
 Vampiric Draining        Necr           20%        2d7       13%         3
 Iskenderun's Mystic Bla Conj/Tloc 30%            2d8        (+2d4     19%         4
 Vhi's Electric Charge    Tloc/Air       60%        N/A       19%         4
 Brom's Barrelling Bould  Conj/Erth      20%        2d4       38%         4
 Dispel Undead            Necr           20%        3d11      38%         4
 Flame Wave               Conj/Fire      20%        2d7       38%         4
 Fulminant Prism          Conj/Alch      10%        3d8       38%         4
 Ignite Poison            Fire/Alch      20%        N/A       38%         4
 Leda's Liquefaction      Alch/Erth      10%        N/A       38%         4
 Petrify                  Alch/Erth      20%        N/A       38%         4
 Sticky Flame             Fire/Alch      20%        2d6       38%         4
 Alistair's Intoxication  Alch           13%        N/A       75%         5
 Arcjolt                  Conj/Air       10%        1d20      75%         5
 Borgnjor's Vile Clutch   Necr/Erth      10%        N/A       75%         5
 Curse of Agony           Necr           20%        N/A       75%         5
 Fireball                 Conj/Fire      10%        3d6       75%         5
 Freezing Cloud           Conj/Ice/Air   10%        6-21      75%         5
 Irradiate                Conj/Alch      10%        3d15      75%         5
 Iskenderun's Battlesphe  Conj           20%        2d7       75%         5
 Lee's Rapid Deconstruct  Erth           10%        3d8*      75%         5
 Dispersal                Tloc           20%        N/A       77%         6
 Gell's Gavotte           Tloc           20%        2d(20-30) 77%         6
 Bombard                  Conj/Erth      10%        9d2       100%        6
 Conjure Ball Lightning   Conj/Air       10%        3x3d6     100%        6
 Permafrost Eruption      Ice/Erth       10%        2x4d4     100%        6
 Plasma Beam              Fire/Air       10%        2x1d21    100%        6
 Starburst                Conj/Fire      10%        6d5       100%        6
 Manifold Assault         Tloc           20%        N/A       100%        7
 Orb of Destruction       Conj           10%        9d6       100%        7
 Borgnjor's Revivificati  Necr           10%        N/A       100%        8
 Disjunction              Tloc           20%        N/A       100%        8
 Ignition                 Fire           10%        3d5       100%        8
 Lehudib's Crystal Spear  Conj/Erth      10%        10d4      100%        8
 Maxwell's Capacitive Co  Air            10%        ∞         100%        8
 Death's Door             Necr           10%        N/A       100%        9
 Summon Small Mammal      Summ           Unusable   N/A       N/A         1
 Call Imp                 Summ           Unusable   N/A       N/A         2
 Animate Armour           Summ/Erth      Unusable   N/A       N/A         4
 Animate Dead             Necr           Unusable   N/A       N/A         4
 Death Channel            Necr           Unusable   N/A       N/A         6
 Sculpt Simulacrum        Ice/Alch       Unusable   N/A       N/A         6
 Haunt                    Necr/Summ      Unusable   N/A       N/A         7
 Spellforged Servitor     Conj/Summ      Unusable   N/A       N/A         7

Dungeon Overview and Level Annotations

Branches:
Dungeon (15/15)            Temple (0/1) D:7            Lair (5/5) D:8
  Swamp (4/4) Lair:2       Spider (4/4) Lair:2        Slime (0/5) Lair:5
    Orc (2/2) D:12            Elf (0/3) Orc:2        Vaults (5/5) D:14
  Crypt (0/3) Vaults:2     Depths (4/4) D:15            Zot (5/5) Depths:4
Ossuary (visited)         Volcano (visited)         Gauntlet (visited)

Altars:
Ashenzari
Dithmenos
Elyvilon
Gozag
Okawaru
Qazlal
Yredelemnul
The Shining One
Beogh
Ignis
Jiyva

Shops:
D:6 [((   D:7 *   D:14 [   D:15 (   Orc:2 =[(*   Vaults:2 (   Vaults:4 (
Vaults:5 !?!   Depths:1 *

Portals:
Hell: Depths:1 Depths:2 Depths:3 Depths:4
Abyss: D:3 Depths:1 Depths:2 Depths:3
Pandemonium: Depths:2 Depths:4
Ziggurat: Depths:1

Annotations:
Swamp:3 3 runed translucent doors, Gadrel's ghost, adept CoFE; gosagan's ghost, adept OnHW; heskitgel's ghost, adept SpAl; seawaffle's ghost, adept MiBe
Zot:5 exclusion: obsidian statue


Innate Abilities, Weirdness & Mutations

You are amphibious.
You cover ground slowly.
You can hop long distances.
You have an extended range of vision and can be seen from far away.


Message History

There is a stone staircase leading down, spattered with blood here.
Magic restored.
A balrug and 2 sun demons come into view.
You see here a +3 trident of protection.
The sun demon moves out of view.
The balrug gestures at you. Something smites you!
There is a stone staircase leading up here.
You fly upwards.
There is a stone staircase leading down here.
Things that are here:
a +0 robe; a +0 dagger; a +0 mace HP restored.
There is a stone staircase leading up here.
You fly upwards.
There is a stone staircase leading down here.
There is a stone staircase leading up here.
You fly upwards.
A green death comes into view.
There is a stone staircase leading down here.
Unknown command.
A demonspawn blood saint, a balrug and a demonspawn warmonger come into view.
The demonspawn warmonger is wielding a +2 demon whip of draining.
The balrug shouts!
The demonspawn warmonger shouts!
The demonspawn warmonger calls upon its god to speed up the demonspawn blood saint.
The demonspawn blood saint seems to speed up.
Aiming: Dig
Press: ? - help, Shift-Dir - straight line A rock wall.
This square is covered in magical glow.
The rock shatters into small pieces.
The demonspawn blood saint calls on the powers of chaos!
The demonspawn warmonger's willpower is stripped away!
Hop to where?
Press: ? - help, Dir - move target Boing!
There is an open door here.
There is an open door here.
There is a staircase leading out of the dungeon here.
You have escaped!

# ##..#####≈§≈≈≈≈≈#####..##....
##.### #≈≈§.....≈≈§# ###.##...
#.## #..§....)...# ##.##.. #.#
######'###### #.##). ##.#####
###ß'ß#ß### #####.##..
#.##≈..###.........###...##.#.#
#.#≈≈..##...........##....#.#.#
###.#≈...#(............#....#.#..
#...'§...'ß.....@...........'.#..
..#.#§...##............#....#.#.#
..#.#≈≈..##...........##....#.#.#
###.##≈..###.........###...##.#.#
#.###### ####ß'ß#### #####.###.
##.# ######(###### #.##.. #.##
#.§.§.......# ##.##.. ##.###
#≈≈≈.§§.§≈≈≈# ###.###..
##..#####≈≈§§≈≈§#####[.###...


There were no monsters in sight!

Vanquished Creatures
  2 dread liches
  3 orbs of fire
  2 ancient liches
  The ghost of Eluafa Diuxt the Heavyweight Champion, a veteran TrGl of Wu Jian (Depths:2)
  Vv (Depths:2)
  6 curse toes
  8 caustic shrikes (Depths:3)
  7 Killer Klowns
  A bone dragon (Depths:3)
  10 golden dragons
  3 electric golems
  An iron giant (Zot:1)
  16 tentacled monstrosities
  A Brimstone Fiend (Zot:5)
  2 hellephants (Zot:1)
  An Ice Fiend (Depths:2)
  Rupert (Spider:1)
  6 liches
  7 titans
  Zenata (Vaults:1)
  A walking frostbound tome (Depths:2)
  22 Orb Guardians (Zot:5)
  9 quicksilver dragons
  5 sphinxes
  An ancient champion (Depths:2)
  3 acid blobs (Depths:2)
  6 tengu reavers (Vaults:5)
  4 tentacled starspawn (Zot:4)
  Gastronok (D:12)
  3 thorn hunters (Swamp:4)
  7 death cobs
  17 storm dragons
  Kirke (Lair:3)
  10 shadow dragons
  An azure jelly (Depths:3)
  A daeva (D:5)
  The ghost of sirdedalot the Marksgoblin, an adept CoHu of Okawaru (Swamp:2)
  5 draconian monks
  4 nagarajas (Depths:1)
  A fenstrider witch (Swamp:4)
  3 protean progenitors
  9 fire giants
  3 balrugs
  The ghost of Biggs the Warrior, a journeyman CoGl of Wu Jian (Swamp:1)
  9 emperor scorpions
  7 draconian knights
  5 iron dragons
  4 spectral caustic shrikes (Depths:4)
  A caustic shrike zombie (Zot:4)
  4 draconian shifters
  3 orc warlords
  5 frost giants
  4 draconian annihilators
  18 vault wardens
  A reaper (Depths:2)
  11 draconian stormcallers
  A draconian scorcher (Zot:3)
  4 ghost moths
  35 very ugly things
  16 stone giants
  An angel (Depths:1)
  24 ironbound preservers
  3 spriggan defenders (Depths:2)
  6 quicksilver oozes
  7 ironbound thunderhulks
  A broodmother (Spider:4)
  A formless jellyfish (Vaults:4)
  4 green draconians
  3 eleionomae
  7 lorocyprocas
  20 black draconians
  A deep elf annihilator (Vaults:5)
  4 bunyips
  A minotaur (Gauntlet)
  A deep elf death mage (Vaults:3)
  6 purple draconians
  A halazid warlock (Zot:4)
  13 white draconians
  2 war gargoyles
  9 red draconians
  A spark wasp (shapeshifter) (Zot:1)
  26 dire elephants
  9 yellow draconians
  An eidolon (Depths:2)
  10 spark wasps
  A shambling mangrove (Swamp:2)
  5 entropy weavers
  A quicksilver dragon zombie (Depths:3)
  10 ettins
  18 fire dragons
  4 jiangshi
  14 yaktaur captains
  Fannar (D:10)
  5 deep elf high priests
  18 hydras
  A quicksilver dragon skeleton (Depths:3)
  2 hell beasts
  30 vault guards
  A ghost crab (Swamp:3)
  A rakshasa (Depths:1)
  3 jorogumos
  15 ice dragons
  A catoblepas (Lair:4)
  4 spriggan air magi
  Erolcha (D:10)
  8 great orbs of eyes
  9 ironbound frosthearts
  2 anacondas (Depths:1)
  12 centaur warriors
  A merfolk avatar (Lair:5)
  4 ogre magi
  2 peacekeepers
  7 boulder beetles
  9 alligators
  3 radroaches
  3 dancing weapons (Zot:1)
  2 titan zombies (Depths:3)
  5 hell hogs
  9 two-headed ogres
  4 deep troll shamans
  5 tengu warriors
  A two-headed ogre (shapeshifter) (Zot:1)
  14 death yaks
  6 demonic crawlers
  8 deep troll earth magi
  2 orc high priests
  3 spriggan berserkers
  4 vampire magi
  2 deep elf knights (Vaults:5)
  13 naga warriors (Depths:1)
  Sonja (Lair:4)
  Urug (D:10)
  8 hell knights
  3 skysharks
  A shadow wraith (Vaults:5)
  6 iron trolls
  2 soul eaters
  A sixfirhy (Depths:4)
  2 goliath frogs
  7 pharaoh ants
  A skeletal warrior (Vaults:1)
  A storm dragon skeleton (Depths:3)
  66 deep trolls
  A glowing orange brain (shapeshifter) (Depths:2)
  10 swamp dragons
  The ghost of zenocrate the Changeling, a novice OpEE of Ashenzari (D:7)
  7 sea snakes
  2 death drakes
  2 flayed ghosts
  2 sun moths
  3 spriggan druids
  8 orb spiders
  2 glowing orange brains
  A deep troll (shapeshifter) (Zot:1)
  A mana viper (Depths:1)
  5 steelbarb worms
  7 bog bodies
  3 thermic dynamos (Zot:4)
  16 arcanists
  13 orc knights
  A deep elf zephyrmancer (Vaults:5)
  4 phantasmal warriors (Vaults:5)
  18 ironbound convokers
  A lindwurm (shapeshifter) (Vaults:5)
  A harpy (Vaults:1)
  25 wolf spiders
  An obsidian bat (Orc:2)
  16 necromancers
  A deep elf pyromancer (D:13)
  An ugly thing (shapeshifter) (Zot:1)
  11 lindwurms
  A stone giant zombie (Vaults:5)
  53 ugly things
  3 orc sorcerers
  A manticore (shapeshifter) (Vaults:5)
  2 will-o-the-wisps
  3 cyclopes
  2 manticores
  8 guardian serpents
  3 salamanders
  4 eyes of devastation
  2 kobold blastminers
  23 vault sentinels
  35 moths of wrath
  A water nymph (shapeshifter) (Zot:4)
  16 elephants
  3 apocalypse crabs
  Joseph (D:8)
  8 black mambas
  4 naga magi (Depths:1)
  A smoke demon (Depths:2)
  2 molten gargoyles
  An eye of devastation (shapeshifter) (Zot:1)
  An unseen horror (D:12)
  2 gargoyles
  12 cane toads
  5 torpor snails
  2 rime drakes
  3 kobold demonologists
  5 tengu conjurers
  2 freezing wraiths
  2 efreet
  50 yaktaurs
  12 komodo dragons
  Psyche (D:8)
  8 trolls
  An anaconda simulacrum (Depths:1)
  7 polar bears (Lair:5)
  4 hellwings (Depths:2)
  A harpy zombie (D:15)
  A bloated husk (Swamp:4)
  8 hornets
  24 tarantellas
  5 tyrant leeches
  A snapping turtle (Lair:5)
  A wind drake (Lair:5)
  34 blink frogs
  A snapping turtle (shapeshifter) (Depths:3)
  A glass eye (shapeshifter) (Zot:1)
  A deep troll zombie (Vaults:5)
  3 glass eyes
  25 dream sheep
  A human simulacrum (Vaults:5)
  5 centaur simulacra
  24 jumping spiders
  9 spriggans
  28 slime creatures
  11 wyverns
  22 culicivoras
  2 small abominations
  3 wraiths
  2 vampires
  48 yaks
  A hog (Lair:3)
  4 water elementals
  8 fire bats (Volcano)
  A redback (shapeshifter) (Vaults:5)
  A basilisk (Lair:2)
  2 humans (Lair:3)
  42 redbacks
  A chaos spawn (D:11)
  A fire elemental (Gauntlet)
  3 wargs
  7 steam dragons
  A yaktaur simulacrum (Vaults:2)
  Menkaure (D:7)
  18 swamp worms
  15 vampire mosquitoes
  A naga (Depths:1)
  A culicivora (shapeshifter) (Vaults:5)
  14 water moccasins
  2 hell hounds
  Duvessa (D:5)
  13 swamp drakes
  A glowing shapeshifter skeleton (Vaults:2)
  45 orc warriors
  A hornet zombie (D:15)
  2 black bears
  2 sky beasts (D:6)
  9 laughing skulls
  3 ice beasts
  10 ogres
  A human skeleton (Vaults:2)
  14 wolves
  7 centaurs
  The ghost of zenocrate the Insei, an amateur OpEE (D:3)
  19 bullfrogs
  A brain worm (shapeshifter) (Depths:2)
  A weeping skull (Ossuary)
  An elf zombie (Ossuary)
  5 kobold brigands
  2 scorpions
  2 gnoll sergeants
  2 burial acolytes (Ossuary)
  Dowan (D:5)
  6 howler monkeys
  7 electric eels
  A bombardier beetle (D:6)
  A wyvern simulacrum (Gauntlet)
  A jelly (D:7)
  5 lava snakes (Volcano)
  4 human zombies
  Crazy Yiuf (D:3)
  A gnoll bouda (D:3)
  29 orc priests
  8 hounds
  6 hell rats (Lair:3)
  A sleepcap (D:8)
  2 iguanas (D:4)
  29 orc wizards
  3 hound zombies (Ossuary)
  3 mummies
  21 gnolls
  6 adders
  4 shadow imps (Gauntlet)
  A white imp (D:6)
  3 ufetubi
  2 dart slugs
  79 orcs
  5 ball pythons
  6 endoplasms
  3 giant cockroaches (D:1)
  6 goblins
  8 hobgoblins
  6 quokkas
  3 bats
  4 frilled lizards
  4 gnoll zombies (Ossuary)
  A goblin zombie (D:6)
  21 kobolds
  3 orc zombies
  6 rats
  A butterfly (Zot:4)
  3 starspawn tentacles (Zot:4)
2154 creatures vanquished.

Vanquished Creatures (others)
  A frost giant (Depths:2)
  An ice dragon (Zot:1)
  A naga warrior (Depths:1)
  A hornet (Depths:4)
  2 redbacks (Spider:4)
  A butterfly (Zot:4)
  2 foxfires (Swamp:4)
  9 starspawn tentacles (Zot:4)
18 creatures vanquished.

Grand Total: 2172 creatures vanquished

Notes
Turn   | Place    | Note
-------+----------+-------------------------------------------
     0 | D:1      | starberry the Barachi Wanderer began the quest for the Orb.
     0 | D:1      | starberry set off with the following items: a +2 hand axe,
                  | a +0 mace, a wand of flame (5), a scroll of fear, a +0
                  | leather armour.
     0 | D:1      | Reached XP level 1. HP: 13/13 MP: 1/1
   107 | D:1      | Reached XP level 2. HP: 19/19 MP: 2/2
   433 | D:1      | Reached XP level 3. HP: 20/24 MP: 3/3
  2046 | D:3      | Found a one-way gate to the infinite horrors of the Abyss.
  2046 | D:3      | Noticed zenocrate's ghost (amateur OpEE)
  2077 | D:3      | Identified the +8 whip "Fauph" {venom, Dex+3}
  2099 | D:3      | Found a transporter.
  2202 | D:3      | Reached skill level 1 in Fighting
  2645 | D:3      | Found a transporter.
  2648 | D:3      | Noticed a small abomination
  2919 | D:4      | Reached XP level 4. HP: 19/33 MP: 4/4
  3322 | D:2      | Reached XP level 5. HP: 37/39 MP: 5/5
  3832 | D:4      | Noticed an ogre
  3851 | D:3      | Reached XP level 6. HP: 49/49 MP: 6/6
  3943 | D:4      | Identified the +3 long sword of the Holding Weasel {flame,
                  | *Corrode Int+6}
  4187 | D:5      | Entered Level 5 of the Dungeon
  4201 | D:4      | Reached skill level 5 in Fighting
  4340 | D:5      | Noticed an ice beast
  4534 | D:4      | Found a broken altar of Ashenzari.
  4703 | D:4      | Reached XP level 7. HP: 39/59 MP: 7/7
  5157 | D:5      | Noticed Duvessa
  5166 | D:5      | Noticed Dowan
  5176 | D:5      | Killed Duvessa
  5186 | D:5      | Killed Dowan
  5302 | D:5      | Reached XP level 8. HP: 68/68 MP: 4/8
  5623 | D:5      | Reached skill level 5 in Maces & Flails
  6040 | D:6      | Reached skill level 5 in Evocations
  6603 | D:6      | Found a sand-covered staircase.
  6612 | Ossuary  | Entered an ossuary
  6757 | Ossuary  | Reached skill level 5 in Armour
  7147 | Ossuary  | Reached XP level 9. HP: 63/74 MP: 0/9
  7621 | D:6      | Identified a scroll of acquirement
  7621 | D:6      | Acquired a +1 heavy eveningstar
  7891 | D:6      | Found an iron altar of Okawaru.
  7891 | D:6      | Found a glowing golden altar of the Shining One.
  7923 | D:6      | Became a worshipper of Warmaster Okawaru
  8022 | D:6      | Found Piuk's Weapon Boutique.
  8023 | D:6      | Found Ujuuqees's Antique Weapon Boutique.
  8024 | D:6      | Found Ymmuih's Antique Armour Boutique.
  8032 | D:6      | Bought 6 curare-tipped darts for 100 gold pieces
  8419 | D:6      | Reached skill level 1 in Throwing
  8528 | D:7      | Noticed Menkaure
  8804 | D:7      | Killed Menkaure
  8804 | D:7      | Reached * piety under Okawaru
  9000 | D:7      | Found a runed translucent door.
  9002 | D:7      | Noticed zenocrate's ghost (novice OpEE)
  9030 | D:7      | Found Kac Nosa's General Store.
  9154 | D:7      | Found a staircase to the Ecumenical Temple.
  9160 | D:7      | Reached XP level 10. HP: 68/80 MP: 6/10
  9587 | D:6      | Bought a pair of embroidered gloves for 202 gold pieces
  9737 | D:8      | Noticed Psyche
  9739 | D:8      | Killed Psyche
  9815 | D:8      | Noticed Joseph
  9839 | D:8      | Killed Joseph
  9839 | D:8      | Reached ** piety under Okawaru
 10014 | D:8      | Reached skill level 10 in Maces & Flails
 10190 | D:8      | Found a staircase to the Lair.
 10858 | D:8      | Reached *** piety under Okawaru
 11029 | D:9      | Noticed a kobold demonologist
 11042 | D:9      | Killed a kobold demonologist
 11123 | D:9      | Noticed a kobold demonologist
 11134 | D:9      | Killed a kobold demonologist
 11135 | D:9      | Reached XP level 11. HP: 86/86 MP: 0/13
 11408 | D:9      | Reached **** piety under Okawaru
 12278 | D:10     | Entered Level 10 of the Dungeon
 12460 | D:10     | Reached skill level 10 in Armour
 12665 | D:10     | Noticed Fannar
 12671 | D:10     | Noticed a red ugly thing
 12678 | D:10     | Killed Fannar
 12679 | D:10     | Reached skill level 5 in Invocations
 12688 | D:10     | Killed a red ugly thing
 12688 | D:10     | Reached ***** piety under Okawaru
 12912 | D:10     | Noticed Urug
 12923 | D:10     | Killed Urug
 12999 | D:10     | Noticed a two-headed ogre
 13019 | D:10     | Killed a two-headed ogre
 13431 | D:10     | Noticed Erolcha
 13439 | D:10     | Killed Erolcha
 14112 | Lair:1   | Entered Level 1 of the Lair of Beasts
 14223 | Lair:1   | Received a gift from Okawaru
 14340 | Lair:1   | Reached XP level 12. HP: 92/95 MP: 12/17
 14601 | Lair:1   | Reached skill level 10 in Fighting
 14833 | Lair:1   | Received a gift from Okawaru
 14966 | Lair:1   | Reached skill level 1 in Shields
 15995 | Lair:2   | Received a gift from Okawaru
 16002 | Lair:2   | Reached skill level 5 in Shields
 16229 | Lair:2   | Gained mutation: You can hop long distances. [Barachi
                  | growth]
 16229 | Lair:2   | Reached XP level 13. HP: 102/106 MP: 16/20
 16234 | Lair:2   | Reached skill level 10 in Invocations
 16665 | Lair:2   | Reached ****** piety under Okawaru
 16737 | Lair:2   | Acquired a +1 demon whip of venom
 16737 | Lair:2   | Received a gift from Okawaru
 16742 | Lair:2   | Acquired the +1 pair of gloves "Ulecky" {Str+3 Slay+6}
 16742 | Lair:2   | Received a gift from Okawaru
 17010 | Lair:2   | Received a gift from Okawaru
 17048 | Lair:2   | Found a hole to the Spider Nest.
 17257 | Lair:2   | Found a staircase to the Swamp.
 17547 | Lair:3   | Reached skill level 5 in Dodging
 17634 | Lair:3   | Found a gate leading to a gauntlet.
 17644 | Gauntlet | Entered a Gauntlet
 17644 | Gauntlet | Found a transporter.
 17644 | Gauntlet | Found a transporter.
 17644 | Gauntlet | Found a runed translucent gate.
 17702 | Gauntlet | Found a runed translucent gate.
 17705 | Gauntlet | Found a runed translucent gate.
 17711 | Gauntlet | Found a transporter.
 17729 | Gauntlet | Found a transporter.
 17729 | Gauntlet | Found a transporter.
 17731 | Gauntlet | Found a transporter.
 17732 | Gauntlet | Found a transporter.
 17735 | Gauntlet | Found a runed translucent door.
 17735 | Gauntlet | Found a runed translucent door.
 17745 | Gauntlet | Found a transporter.
 17760 | Gauntlet | Found a transporter.
 17770 | Gauntlet | Found a transporter.
 17785 | Gauntlet | Found a transporter.
 17811 | Gauntlet | Found a transporter.
 17818 | Gauntlet | Found a transporter.
 17830 | Gauntlet | Found a transporter.
 17860 | Gauntlet | Identified the ring "Qiunowno" {Fly rC+ Int+3 Slay+3}
 18240 | Gauntlet | Received a gift from Okawaru
 18297 | Gauntlet | Identified the +6 great mace of Dullness {pain, Fly Dex-3
                  | Stlth+}
 18297 | Gauntlet | Noticed a minotaur
 18319 | Gauntlet | Killed a minotaur
 18446 | Gauntlet | Got Sif Muna's Cyclopedia of Hexing
 18478 | Lair:3   | Noticed Kirke
 18495 | Lair:3   | Killed Kirke
 18641 | Lair:3   | Received a gift from Okawaru
 19010 | Lair:3   | Reached skill level 10 in Dodging
 19010 | Lair:3   | Reached XP level 14. HP: 102/115 MP: 21/21
 19016 | Lair:3   | Reached skill level 5 in Throwing
 19503 | Lair:4   | Found an opulent altar of Gozag.
 19760 | Lair:4   | Received a gift from Okawaru
 19772 | Lair:4   | Noticed Sonja
 19776 | Lair:4   | Killed Sonja
 19939 | Lair:4   | Found a dark tunnel.
 19944 | Volcano  | Entered a volcano
 20153 | Volcano  | Found a bloodstained altar of Trog.
 21130 | Lair:5   | Entered Level 5 of the Lair of Beasts
 21156 | Lair:4   | Received a gift from Okawaru
 22179 | Lair:5   | Received a gift from Okawaru
 22808 | Lair:5   | Reached XP level 15. HP: 108/126 MP: 23/23
 23149 | Lair:5   | Received a gift from Okawaru
 23580 | Lair:5   | Identified the ring "Vaavap" {Wiz rPois}
 23855 | Lair:5   | Found a staircase to the Slime Pits.
 23856 | Lair:5   | Found a viscous altar of Jiyva.
 24270 | D:3      | Found a runed translucent door.
 24271 | D:3      | Noticed Crazy Yiuf
 24281 | D:3      | Killed Crazy Yiuf
 24363 | D:3      | Killed zenocrate's ghost
 24472 | D:7      | Killed zenocrate's ghost
 24717 | D:11     | Identified the +1 robe "Zitren" {rC+ Stlth+}
 24847 | D:11     | Reached skill level 10 in Throwing
 25461 | D:12     | Identified the +2 rapier of the Eggplant {venom, rC- rN+
                  | Will+ Str+2}
 25656 | D:12     | Received a gift from Okawaru
 25859 | D:12     | Found a roughly hewn altar of Beogh.
 25859 | D:12     | Found a staircase to the Orcish Mines.
 26015 | D:12     | Noticed Gastronok
 26025 | D:12     | Killed Gastronok
 26439 | D:12     | Upgraded the game from 0.32-a0-868-g153ae1a8d6 to
                  | 0.32-a0-871-ge202e49faa
 26482 | Orc:1    | Entered Level 1 of the Orcish Mines
 27083 | Orc:1    | Noticed an orc warlord
 27117 | Orc:1    | Killed an orc warlord
 27420 | Orc:1    | Received a gift from Okawaru
 27722 | Orc:1    | Found a roughly hewn altar of Beogh.
 27956 | Orc:2    | Entered Level 2 of the Orcish Mines
 28223 | Orc:2    | Found Seclaris's Antique Weapon Boutique.
 28398 | Orc:2    | Noticed an orc warlord
 28398 | Orc:2    | Found Ludweura's Antique Armour Boutique.
 28516 | Orc:2    | Found a staircase to the Elven Halls.
 28679 | Orc:1    | Killed an orc warlord
 28680 | Orc:1    | Reached XP level 16. HP: 113/133 MP: 25/25
 29196 | Orc:2    | Found Ipiv's General Store.
 29492 | Orc:2    | Found Nunoi's Jewellery Shop.
 29656 | Orc:2    | Bought the amulet of Rurghula {Reflect rElec Dex+4 SH+5}
                  | for 733 gold pieces
 29683 | Orc:2    | Bought a fine buckler for 304 gold pieces
 29683 | Orc:2    | Identified the +2 buckler "Sirot" {Int+3 Slay+3} (You
                  | bought it in a shop on level 2 of the Orcish Mines)
 29734 | Orc:2    | Bought a condenser vane for 560 gold pieces
 29827 | Orc:2    | Bought a ring of fire for 350 gold pieces
 30423 | D:13     | Received a gift from Okawaru
 31471 | D:13     | Identified the ring "Oronewup" {rElec rF+ rC+ Int+4 Stlth-}
 31612 | D:14     | Found Asagal's Antique Armour Boutique.
 32172 | D:14     | Found a gate to the Vaults.
 32342 | D:14     | Found a shadowy altar of Dithmenos.
 32449 | D:14     | Found a glowing golden altar of the Shining One.
 32572 | D:15     | Entered Level 15 of the Dungeon
 32577 | D:15     | Found a staircase to the Depths.
 32668 | D:15     | Received a gift from Okawaru
 32669 | D:15     | Reached skill level 10 in Evocations
 32863 | D:15     | Found a basalt altar of Yredelemnul.
 33245 | D:15     | Found Niahofa's Weapon Shop.
 33956 | Swamp:1  | Entered Level 1 of the Swamp
 33972 | Swamp:1  | Found a runed translucent gate.
 33972 | Swamp:1  | Found a runed translucent gate.
 33973 | Swamp:1  | Found a runed translucent gate.
 33975 | Swamp:1  | Noticed Biggs's ghost (journeyman CoGl)
 34202 | Swamp:1  | Killed Biggs's ghost
 34208 | Swamp:1  | Identified the ring "Oteynk" {Wiz rN+}
 34268 | Swamp:1  | Acquired 558 gold pieces
 34270 | Swamp:1  | Acquired the +0 pair of boots of Polish {+Blink Will+}
 34428 | Swamp:1  | Received a gift from Okawaru
 35176 | Swamp:2  | Identified the +5 rapier of Nugruono {speed, Str+4 Dex+2}
 35646 | Swamp:2  | Found a runed translucent door.
 35646 | Swamp:2  | Noticed sirdedalot's ghost (adept CoHu)
 35681 | Swamp:2  | Killed sirdedalot's ghost
 35682 | Swamp:2  | Reached XP level 17. HP: 139/140 MP: 26/26
 35683 | Swamp:2  | Identified the amulet "Nisist" {Acrobat Rampage rPois}
 35685 | Swamp:2  | Identified the amulet "Poaptaff" {Acrobat rPois Str-4
                  | Int+2}
 35891 | Swamp:3  | Found a runed translucent gate.
 35891 | Swamp:3  | Noticed heskitgel's ghost (adept SpAl)
 35892 | Swamp:3  | Found a runed translucent gate.
 35892 | Swamp:3  | Found a runed translucent gate.
 35892 | Swamp:3  | Noticed gosagan's ghost (adept OnHW)
 35892 | Swamp:3  | Noticed seawaffle's ghost (adept MiBe)
 35892 | Swamp:3  | Noticed Gadrel's ghost (adept CoFE)
 35928 | Swamp:3  | Received a gift from Okawaru
 36290 | Swamp:4  | Entered Level 4 of the Swamp
 36307 | Swamp:4  | Reached skill level 15 in Fighting
 36375 | Swamp:4  | Noticed a tentacled monstrosity
 36392 | Swamp:4  | Killed a tentacled monstrosity
 37018 | Swamp:4  | Received a gift from Okawaru
 37341 | Swamp:4  | Got a decaying rune of Zot
 37516 | Spider:1 | Entered Level 1 of the Spider Nest
 37536 | Lair:2   | Received a gift from Okawaru
 37537 | Lair:2   | Reached skill level 15 in Armour
 37732 | Spider:1 | Noticed Rupert
 37732 | Spider:1 | Paralysed by Rupert for 4 turns
 37763 | Spider:1 | Killed Rupert
 39406 | Spider:1 | Reached XP level 18. HP: 50/151 MP: 27/27
 40023 | Spider:2 | Received a gift from Okawaru
 41377 | Spider:3 | Received a gift from Okawaru
 42278 | Spider:4 | Entered Level 4 of the Spider Nest
 42499 | Spider:4 | Reached skill level 1 in Spellcasting
 42511 | Spider:4 | Received a gift from Okawaru
 43185 | Spider:4 | Reached skill level 5 in Spellcasting
 43590 | Spider:4 | Received a gift from Okawaru
 44025 | Spider:4 | Reached XP level 19. HP: 154/160 MP: 28/28
 44062 | Spider:4 | Got a gossamer rune of Zot
 44064 | Spider:4 | Identified the +0 hat of Contumacious Miracles {+Blink
                  | rCorr Dex-5 Stlth+}
 44383 | Vaults:1 | Entered Level 1 of the Vaults
 44876 | D:14     | Received a gift from Okawaru
 45463 | Vaults:1 | Received a gift from Okawaru
 45850 | Vaults:1 | Identified the +0 war axe of Cowardice {freeze, Str+5}
 45925 | Vaults:1 | Reached skill level 10 in Spellcasting
 45931 | Vaults:1 | Received a gift from Okawaru
 46559 | Vaults:2 | Noticed Zenata
 46603 | Vaults:1 | Killed Zenata
 46707 | Vaults:2 | Reached skill level 15 in Throwing
 46855 | Vaults:2 | Received a gift from Okawaru
 46890 | Vaults:2 | Reached XP level 20. HP: 166/170 MP: 34/34
 47278 | Vaults:2 | Found Mimoatelo's Antique Weapon Shop.
 47436 | Vaults:2 | Received a gift from Okawaru
 48051 | Vaults:2 | Reached skill level 10 in Shields
 48096 | Vaults:2 | Received a gift from Okawaru
 48255 | Vaults:2 | Found a staircase to the Crypt.
 48326 | Vaults:2 | Learned a level 2 spell: Blink
 48468 | Vaults:3 | Reached skill level 1 in Translocations
 49278 | Vaults:3 | Received a gift from Okawaru
 50073 | Vaults:2 | Reached skill level 15 in Shields
 50149 | Vaults:2 | Received a gift from Okawaru
 50186 | Vaults:3 | Reached XP level 21. HP: 176/176 MP: 35/35
 50660 | Vaults:4 | Found Ikitesm's Antique Weapon Shop.
 51161 | Vaults:4 | Received a gift from Okawaru
 51883 | Vaults:4 | Reached skill level 15 in Dodging
 52025 | Vaults:4 | Received a gift from Okawaru
 52401 | Vaults:4 | Learned a level 7 spell: Enfeeble
 52592 | Depths:1 | Entered Level 1 of the Depths
 52741 | Depths:1 | Reached skill level 1 in Hexes
 52869 | Depths:1 | Found a white marble altar of Elyvilon.
 52907 | Depths:1 | Received a gift from Okawaru
 53092 | Depths:1 | Found a one-way gateway to a ziggurat.
 53262 | Depths:1 | Reached XP level 22. HP: 187/187 MP: 39/39
 53319 | Depths:1 | Reached skill level 5 in Hexes
 53326 | Depths:1 | Received a gift from Okawaru
 53837 | Depths:1 | Found Fiecunk's Assorted Antiques.
 53891 | Depths:1 | You are sucked into a shaft and drop 1 floor!
 53990 | Depths:1 | Found a gateway to Hell.
 54381 | Depths:1 | Identified the +0 scale mail of Haemnore {Dex+5 Slay+3}
 54515 | Depths:1 | Received a gift from Okawaru
 55109 | Depths:2 | Noticed Vv
 55117 | Depths:2 | Reached skill level 10 in Hexes
 55136 | Depths:2 | Killed Vv
 55557 | Depths:2 | Found a one-way gate leading to the halls of Pandemonium.
 56012 | Depths:2 | Received a gift from Okawaru
 56498 | Depths:2 | Identified the +0 chain mail of Plasticity {Will+ Str+3
                  | Dex+3 Slay-6}
 56762 | Depths:2 | Noticed a golden dragon
 56781 | Depths:2 | Killed a golden dragon
 56885 | Depths:2 | Received a gift from Okawaru
 56885 | Depths:2 | Paralysed by a sphinx for 4 turns
 57262 | Depths:2 | Identified the staff "Saek" {rF+ rN+ Dex+5 Necro Air}
 57479 | Depths:2 | Learned a level 5 spell: Silence
 57539 | Depths:3 | Reached XP level 23. HP: 132/183 MP: 41/41
 57654 | Depths:3 | Found a runed translucent gate.
 57655 | Depths:3 | Found a runed translucent gate.
 57655 | Depths:3 | Found a runed translucent gate.
 57655 | Depths:3 | Noticed Eluafa Diuxt's ghost (veteran TrGl)
 57657 | Depths:3 | Found a viscous altar of Jiyva.
 58021 | Depths:3 | Reached skill level 15 in Hexes
 58567 | Depths:3 | Received a gift from Okawaru
 58760 | Depths:3 | Noticed a caustic shrike
 58762 | Depths:3 | Noticed a caustic shrike
 58766 | Depths:3 | Noticed a caustic shrike
 58766 | Depths:3 | Noticed a caustic shrike
 58784 | Depths:3 | Killed a caustic shrike
 58798 | Depths:3 | Killed a caustic shrike
 58818 | Depths:3 | Killed a caustic shrike
 58841 | Depths:3 | Killed a caustic shrike
 59726 | Depths:2 | Killed Eluafa Diuxt's ghost
 60418 | Depths:3 | Identified the ring of Xaumix {rPois rF+ Int+3 Dex+3}
 60532 | Depths:4 | Entered Level 4 of the Depths
 60532 | Depths:4 | Noticed a caustic shrike
 60532 | Depths:4 | Noticed a caustic shrike
 60532 | Depths:4 | Noticed a caustic shrike
 60533 | Depths:4 | Noticed a caustic shrike
 60548 | Depths:3 | Killed a caustic shrike
 60549 | Depths:3 | Reached skill level 15 in Spellcasting
 60615 | Depths:4 | Noticed a golden dragon
 61055 | Depths:3 | Received a gift from Okawaru
 61280 | Depths:3 | Killed a golden dragon
 61347 | Depths:3 | Killed a caustic shrike
 61534 | Depths:3 | Killed a caustic shrike
 61629 | Depths:3 | Killed a caustic shrike
 61749 | Depths:3 | Received a gift from Okawaru
 62665 | Depths:4 | Found a gate to the Realm of Zot.
 62762 | Depths:4 | Reached XP level 24. HP: 198/199 MP: 42/42
 63050 | Vaults:5 | Entered Level 5 of the Vaults
 63050 | Vaults:5 | Noticed an ancient lich
 63193 | Vaults:5 | Received a gift from Okawaru
 63289 | Vaults:5 | Got the Opusculum on the Feculent Wind
 63296 | Vaults:5 | Got a silver rune of Zot
 63509 | Vaults:5 | Got the Parchment of Venin and Abominable Mysteries
 63773 | Vaults:5 | Killed an ancient lich
 63982 | Vaults:5 | Received a gift from Okawaru
 63987 | Vaults:5 | Identified the +5 quarterstaff "Ocwaom" {speed, ^Fragile
                  | rPois MP+9 Stlth+}
 64158 | Vaults:5 | Got the Compendium of Thunder and Outbursts
 64162 | Vaults:5 | Identified the staff of a ziggurat {rN+ Int+4 Conj Necro}
 64166 | Vaults:5 | Got the Encyclopedia of the Amorphous Fault
 64218 | Vaults:5 | Identified the +6 dagger of Bemegarph {heavy, rElec rC-
                  | rCorr SInv}
 64224 | Vaults:5 | Identified the +6 hand axe "Mikud" {antimagic, *Rage rN+
                  | Dex+3}
 64240 | Vaults:5 | Identified the amulet of Retouv {Reflect ^Drain Fly rPois
                  | Str+3 SH+5}
 64409 | Vaults:5 | Noticed a dread lich
 64460 | Vaults:5 | Killed a dread lich
 64804 | Vaults:5 | Received a gift from Okawaru
 65466 | Vaults:5 | Found Nobberezxa's Distillery.
 65596 | Vaults:5 | Bought a potion of curing for 39 gold pieces
 65596 | Vaults:5 | Bought a potion of heal wounds for 65 gold pieces
 65596 | Vaults:5 | Bought a potion of magic for 104 gold pieces
 65596 | Vaults:5 | Bought a potion of curing for 39 gold pieces
 65596 | Vaults:5 | Bought a potion of curing for 39 gold pieces
 65612 | Vaults:5 | Found Zukhlil's Distillery.
 65617 | Vaults:5 | Bought 2 potions of magic for 208 gold pieces
 65617 | Vaults:5 | Bought a potion of haste for 130 gold pieces
 65617 | Vaults:5 | Bought a potion of heal wounds for 65 gold pieces
 65803 | Vaults:5 | Found Doaciruv's Magic Scroll Shoppe.
 65808 | Vaults:5 | Bought a scroll of acquirement for 1144 gold pieces
 65808 | Vaults:5 | Bought a scroll of teleportation for 66 gold pieces
 65808 | Vaults:5 | Bought a scroll of fear for 88 gold pieces
 65808 | Vaults:5 | Bought a scroll of fog for 88 gold pieces
 65808 | Vaults:5 | Acquired the +2 helmet of Kurud {rPois Regen+ Str+3 Dex-2}
 66146 | Zot:1    | Entered Level 1 of the Realm of Zot
 66149 | Zot:1    | Found a huge runed translucent gate.
 66149 | Zot:1    | Found a huge runed translucent gate.
 66163 | Zot:1    | Found a huge runed translucent gate.
 66462 | Zot:1    | Received a gift from Okawaru
 66587 | Zot:1    | Noticed a curse toe
 66612 | Zot:1    | Killed a curse toe
 66613 | Zot:1    | Reached XP level 25. HP: 81/214 MP: 32/42
 66952 | Zot:1    | Found a huge runed translucent gate.
 66952 | Zot:1    | Found a huge runed translucent gate.
 66953 | Zot:1    | Found a huge runed translucent gate.
 66954 | Zot:1    | Found a huge runed translucent gate.
 66954 | Zot:1    | Found a huge runed translucent gate.
 66955 | Zot:1    | Found a huge runed translucent gate.
 66971 | Zot:1    | Found a huge runed translucent gate.
 66971 | Zot:1    | Found a huge runed translucent gate.
 66972 | Zot:1    | Found a huge runed translucent gate.
 66972 | Zot:1    | Found a huge runed translucent gate.
 66972 | Zot:1    | Found a huge runed translucent gate.
 66972 | Zot:1    | Found a huge runed translucent gate.
 66972 | Zot:1    | Found a huge runed translucent gate.
 66976 | Zot:1    | Found a huge runed translucent gate.
 66981 | Zot:1    | Found a huge runed translucent gate.
 66983 | Zot:1    | Found a huge runed translucent gate.
 66984 | Zot:1    | Found a huge runed translucent gate.
 66984 | Zot:1    | Found a huge runed translucent gate.
 66984 | Zot:1    | Found a huge runed translucent gate.
 66984 | Zot:1    | Found a huge runed translucent gate.
 66986 | Zot:1    | Found a huge runed translucent gate.
 66987 | Zot:1    | Found a huge runed translucent gate.
 66987 | Zot:1    | Found a huge runed translucent gate.
 66994 | Zot:1    | Found a huge runed translucent gate.
 66995 | Zot:1    | Found a huge runed translucent gate.
 66995 | Zot:1    | Found a huge runed translucent gate.
 66995 | Zot:1    | Found a huge runed translucent gate.
 66995 | Zot:1    | Found a huge runed translucent gate.
 66995 | Zot:1    | Found a huge runed translucent gate.
 66997 | Zot:1    | Found a huge runed translucent gate.
 66998 | Zot:1    | Found a huge runed translucent gate.
 66998 | Zot:1    | Found a huge runed translucent gate.
 67026 | Zot:1    | Identified the +5 rapier of Binu {heavy, Int+5 Dex-4}
 67046 | Zot:1    | Found a huge runed translucent gate.
 67280 | Zot:1    | Received a gift from Okawaru
 67397 | Zot:1    | Noticed an ancient lich
 67398 | Zot:1    | Found a stormy altar of Qazlal.
 67673 | Zot:1    | Killed an ancient lich
 67893 | Zot:1    | Identified the staff "Jaughym" {Str+2 Stlth-- Tloc Air
                  | Earth}
 67895 | Zot:1    | Identified the storm talisman of the Eternal Fruit {rF+ rC+
                  | Str+3 Int+2 Stlth--}
 67897 | Zot:1    | Identified the staff of Quick Death {^Drain rElec rF+ rN++
                  | Stlth-- Fire Ice}
 67898 | Zot:1    | Identified the staff of the Inviting King {rC+ rCorr Int+2
                  | Stlth-- Fire Ice}
 68083 | Zot:1    | Noticed a Killer Klown
 68083 | Zot:1    | Noticed a Killer Klown
 68083 | Zot:1    | Noticed a Killer Klown
 68083 | Zot:1    | Noticed a Killer Klown
 68099 | Zot:1    | Killed a Killer Klown
 68103 | Zot:1    | Received a gift from Okawaru
 68104 | Zot:1    | Killed a Killer Klown
 68108 | Zot:1    | Killed a Killer Klown
 68115 | Zot:1    | Killed a Killer Klown
 69226 | Arena    | Entered the Arena
 69556 | Zot:3    | Received a gift from Okawaru
 70464 | Zot:3    | Noticed an orb of fire
 70481 | Zot:3    | Killed an orb of fire
 70482 | Zot:3    | Reached XP level 26. HP: 171/224 MP: 35/42
 70485 | Zot:3    | Noticed a Killer Klown
 70504 | Zot:3    | Killed a Killer Klown
 70507 | Zot:3    | Received a gift from Okawaru
 70519 | Zot:3    | Identified the +2 glaive "Dalun" {flame, rF+ Will+ MP+9}
 71908 | Zot:4    | Received a gift from Okawaru
 71993 | Zot:4    | Noticed a dread lich
 72011 | Zot:4    | Killed a dread lich
 72658 | Zot:4    | Found a candlelit altar of Ignis.
 72725 | Zot:4    | Received a gift from Okawaru
 73346 | Zot:5    | Entered Level 5 of the Realm of Zot
 73731 | Zot:5    | Identified the +1 plate armour of Qylannom {Fly rC+}
 73740 | Zot:5    | Received a gift from Okawaru
 73875 | Zot:5    | Reached XP level 27. HP: 231/231 MP: 43/44
 74414 | Zot:5    | Noticed an orb of fire
 74414 | Zot:5    | Gained mutation: You occasionally lose the ability to read
                  | scrolls when taking damage. [an orb of fire]
 74435 | Zot:5    | Killed an orb of fire
 74505 | Zot:5    | Noticed an orb of fire
 74530 | Zot:5    | Gained mutation: You are frail. (-10% HP) [an orb of fire]
 74534 | Zot:5    | Gained mutation: You occasionally shout uncontrollably at
                  | your foes. [an orb of fire]
 74551 | Zot:5    | Killed an orb of fire
 74570 | Zot:5    | Lost mutation: You occasionally lose the ability to read
                  | scrolls when taking damage. [potion of mutation]
 74570 | Zot:5    | Lost mutation: You occasionally shout uncontrollably at
                  | your foes. [potion of mutation]
 74570 | Zot:5    | Lost mutation: You are frail. (-10% HP) [potion of
                  | mutation]
 74749 | Zot:5    | Received a gift from Okawaru
 74842 | Zot:5    | Reached skill level 5 in Stealth
 75120 | Zot:5    | Got the Orb of Zot
 75126 | Zot:5    | Noticed an orb of fire
 75126 | Zot:5    | Noticed an orb of fire
 75129 | Zot:5    | Noticed an orb of fire
 75400 | D:13     | Noticed Qohoma the pandemonium lord
 75778 | D:$      | Escaped with the Orb!

Illustrated notes

Levels and vault maps discovered:
D:1:      dpeg_arrival_morbid_curiosity, layout_rooms
D:2:      layout_loops_ring, serial_aquarium, aquarium_bridge_square
          [aquarium_subvault_bridge, aquarium_subvault_balcony,
          aquarium_subvault_bridge, aquarium_subvault_bridge],
          aquarium_bridge_square [aquarium_subvault_bridge,
          aquarium_subvault_balcony, aquarium_subvault_wall,
          aquarium_subvault_balcony], aquarium_window_corner, aquarium_window_1,
          aquarium_view_2b, aquarium_view_2e, aquarium_balcony_3b,
          minmay_gold_behind_fungi, hangedman_feature_mirror
D:3:      layout_basic, gammafunk_ghost_abyssal_escape, uniq_crazy_yiuf_cottage
D:4:      layout_basic, mainiacjoe_overflow_alcove_2
D:5:      layout_loops_cross, minmay_misc_feat_secret_circle, uniq_duvessa
D:6:      layout_basic, amethyst_overflow_temple_binary,
          nicolae_ossuary_entry_giza, grunt_ministairs_7,
          nicolae_shop_distant_corner_stores, patterned_corridor
D:7:      layout_cave_pools, temple_green, ebering_ghost_reflecting_pool,
          serial_shops, nicolae_shop_statue_plus, uniq_menkaure
D:8:      layout_rooms, erik_lair_island, nrook_mini_backslash,
          minmay_liquid_box, uniq_psyche, uniq_joseph
D:9:      minmay_evil_eye, layout_basic, minivault_25
D:10:     layout_gridville, uniq_erolcha, uniq_fannar, uniq_urug
D:11:     layout_loops_corners, kennysheep_generic_room_12
D:12:     layout_basic, david_orc_5, drop_trap,
          serial_library_hellmonk_hallway_a, uniq_gastronok
D:13:     minmay_outward_triangles, layout_gridville, serial_rivers,
          chequers_serial_rivers_micro_d, chequers_serial_rivers_micro_a,
          chequers_serial_rivers_room_a, chequers_serial_rivers_micro_c
D:14:     layout_cave_pools, david_vaults_1, serial_shops,
          nicolae_stop_n_shop_1, lemuel_doored_altar,
          nicolae_tso_carved_into_rock
D:15:     grunt_enter_depths_giant_problem, layout_basic, serial_shops, shop,
          lemuel_zombie_altar_yredelemnul
Lair:1:   layout_loops_ring, beast_lair_carwin_11, lemuel_fruit_tree,
          grunt_megastairs_5, lemuel_fruit_fields
Lair:2:   layout_cellular_growth, mainiacjoe_swamp_entry_angry_trees,
          spider_nest_entry_web_field
Lair:3:   layout_loops_ring, gauntlet_entry_generic, uniq_kirke
Lair:4:   layout_gridlike, basic_altar, enter_volcano_4,
          infiniplex_staircase_pool, grunt_megastairs_3, uniq_sonja
Lair:5:   gammafunk_lair_ancient_temple, layout_gridlike, slime_entry_1
Swamp:1:  nicolae_swamp_secret_spriggan_hideout, layout_basic_swamp,
          gammafunk_ghost_hydra_chop, nicolae_swamp_fairy_circle
Swamp:2:  layout_basic_swamp, gammafunk_ghost_grave,
          evilmike_swamp_ruin_house_4, swamp_pool_1_2, st_swamp_ruins_1
Swamp:3:  layout_basic_swamp, gammafunk_ghost_cemetery,
          evilmike_swamp_ruin_rubble_2
Swamp:4:  swamp_basic_johnstein, layout_basic_swamp, swamp_pool_1_2
Spider:1: layout_spider_delve, uniq_rupert
Spider:2: layout_spider_delve, drop_trap
Spider:3: layout_cave_pods, spiders_nest_ghost_moth_duel
Spider:4: grunt_spider_rune_circles
Orc:1:    orc_temple, layout_caves
Orc:2:    grunt_orc_gardens, layout_caves, grunt_orc_garden, grunt_orc_garden,
          grunt_orc_garden, grunt_orc_garden
Vaults:1: ontoclasm_vaults_spin, v_pattern_1, nicolae_vaults_mush_room,
          vaults_mumra_minichess, nicolae_vaults_tetromino_L_2,
          vaults_room_ringed_pool, hangedman_vaults_slice, v_misc_33,
          hangedman_vaults_capsules, nicolae_vaults_variable_pillar_hall_cross,
          nicolae_vaults_tetromino_T_2, vaults_dpeg_encased_lava,
          nicolae_vaults_trapezoid_lopsided_3,
          nicolae_vaults_trapezoid_lopsided_3, layout_vaults_ring
Vaults:2: v_pattern_2, vaults_room_hallway, nicolae_vaults_arrows,
          v_alt_pattern_6, ontoclasm_vaults_bender,
          minmay_crypt_entry_simple_box, ontoclasm_vaults_chip,
          hangedman_vaults_corner, nicolae_vaults_double_plus_2, v_misc_4,
          nicolae_vaults_double_plus_2, layout_vaults_omnicross, serial_shops,
          shop, uniq_zenata
Vaults:3: nicolae_vaults_oval_intersection, nicolae_vaults_sightless_eye,
          vaults_mumra_bighexcomb, hangedman_vaults_stagger, vaults_dpeg_cross,
          nicolae_vaults_shelves_hall, nicolae_vaults_trapezoid_lopsided_1,
          nicolae_vaults_trapezoid_1, nicolae_vaults_double_plus_1,
          nicolae_vaults_trapezoid_3, dpeg_vaults_monster_box,
          nicolae_vaults_tetromino_T_1, nicolae_vaults_double_plus_2,
          nicolae_vaults_house_1, hangedman_vaults_trim,
          layout_vaults_chaotic_city
Vaults:4: ontoclasm_vaults_shuriken, nicolae_vaults_asterisk,
          nicolae_vaults_little_squares_6, nicolae_vaults_apartment_1,
          v_rooms_6, v_alt_pattern_3, vaults_room_grid, v_misc_24,
          nicolae_vaults_sealed_display, hangedman_vaults_unwind, v_pattern_3,
          nicolae_vaults_frosty_reception, v_alt_pattern_4,
          nicolae_vaults_network_square, layout_vaults_maze_snakey,
          serial_shops, nicolae_shop_overgrown_old_shop
Vaults:5
Depths:1: layout_cave_shapes, enter_ziggurat_a, elyvilon_altar_5,
          hangedman_coc_ice_floe, abyss_entry, nicolae_take_the_stairs,
          minmay_serpent_palace, serial_bayou_shore_b
Depths:2: little_maze_vault, layout_basic, grunt_mini_vestibule,
          kennysheep_cluttered_room, abyss_entry, grunt_pan_entry_in_and_out,
          minmay_staircase_bubble, uniq_vv
Depths:3: nicolae_cairo_tiling, layout_basic, hell_entry, gammafunk_ghost_ooze,
          serial_sigils, serial_sigils_hangedman_scratch,
          serial_sigils_hangedman_stare, serial_sigils_hangedman_scar,
          hangedman_abyss_entry_splay
Depths:4: evilmike_zot_entry_diamond, layout_cave_pools, rand_demon_pan_entry_4,
          pf_hell_entry_tar_river
Zot:1:    regret_index_qazlal_generations, layout_gridlike, not_door_vault_due
Zot:2:    layout_misc_corridors
Zot:3:    layout_gridlike
Zot:4:    hangedman_orp_of_zott, layout_basic, lemuel_lich_library
Zot:5:    layout_basic, kennysheep_underground_church

Skill      XL: |  1  2  3  4  5  6  7  8  9 10 11 12 13 14 15 16 17 18 19 20 21 22 23 24 25 26 27 |
---------------+----------------------------------------------------------------------------------+-----
Axes           | 3 4 |  4.2
Fighting       | 1 2 4 6 7 8 9 11 12 14 16 17 18 19 20 21 22 | 22.0
Armour         | 3 4 6 8 11 13 15 16 17 21 22 | 22.0
Maces & Flails | 2 4 5 8 11 | 11.6
Evocations     | 6 10 | 10.0
Throwing       | 4 8 11 12 13 14 15 16 | 16.0
Invocations    | 3 7 9 10 11 12 13 | 13.2
Shields        | 5 6 8 15 16 | 16.0
Dodging        | 10 11 13 14 15 18 22 | 22.0
Spellcasting   | 6 10 13 14 15 17 | 17.0
Translocations | 4 |  4.0
Hexes          | 4 14 17 18 | 18.0
Stealth        | 8 |  8.0

Action                     |  1- 3 |  4- 6 |  7- 9 | 10-12 | 13-15 | 16-18 | 19-21 | 22-24 | 25-27 || total
---------------------------+-------+-------+-------+-------+-------+-------+-------+-------+-------++-------
  Melee: Hand axe          |   106 |       |       |       |       |       |       |       |       ||   106
         Whip              |    15 |    94 |   289 |   679 |    85 |       |       |       |       ||  1162
         Demon whip        |       |       |       |       |  1519 |  2004 |  2614 |  2880 |  1809 || 10826
  Throw: Dart              |       |       |       |     3 |     9 |     3 |     2 |       |       ||    17
         Javelin           |       |       |       |       |     6 |    17 |       |    60 |   100 ||   183
         Boomerang         |       |       |       |       |       |   129 |    14 |       |   182 ||   325
   Cast: Enfeeble          |       |       |       |       |       |       |       |    65 |    63 ||   128
         Silence           |       |       |       |       |       |       |       |     2 |     2 ||     4
 Invoke: Heroism           |       |       |       |     3 |     3 |     1 |       |     1 |     6 ||    14
         Receive Weapon    |       |       |       |       |     1 |       |       |       |       ||     1
         Receive Armour    |       |       |       |       |     1 |       |       |       |       ||     1
         Finesse           |       |       |       |       |     1 |       |       |     3 |       ||     4
         Duel              |       |       |       |       |       |       |       |       |     1 ||     1
Ability: Hop               |     1 |     5 |     1 |     2 |       |     4 |     7 |    10 |    12 ||    42
         Evoke Blink       |       |       |       |       |       |       |       |     1 |       ||     1
  Evoke: Wand              |     5 |       |     2 |    12 |     3 |     1 |     1 |     4 |     1 ||    29
         Condenser vane    |       |       |       |       |       |     2 |     2 |     3 |     1 ||     8
    Use: Scroll            |     1 |     2 |    14 |     1 |     6 |    11 |       |     9 |     4 ||    48
         Potion            |       |     3 |       |     1 |     4 |     3 |     1 |     2 |     6 ||    20
   Stab: Sleeping          |     1 |       |       |       |       |       |       |       |       ||     1
         Invisible         |       |       |       |       |       |       |       |    86 |    34 ||   120
         Distracted        |       |       |       |       |       |       |       |       |     1 ||     1
 Armour: Leather armour    |    52 |       |       |       |       |       |       |       |       ||    52
         Chain mail        |     7 |    97 |   205 |    57 |       |       |       |       |       ||   366
         Plate armour      |       |       |       |   296 |   160 |       |       |       |       ||   456
         Scale mail        |       |       |       |       |   622 |  1193 |  1166 |  1264 |   861 ||  5106
  Dodge: Dodged            |    57 |    44 |   103 |   231 |   664 |   981 |  1012 |  1095 |   791 ||  4978
  Block: Buckler           |       |       |       |    26 |   250 |  1017 |  1257 |  1353 |   722 ||  4625
         Reflection        |       |       |       |       |       |    21 |    69 |    36 |     9 ||   135

Table legend: (Time is in decaauts)
 A = Elapsed time spent in this place.
 B = Non-inter-level travel time spent in this place.
 C = Inter-level travel time spent in this place.
 D = Time resting spent in this place.
 E = Time spent auto-exploring this place.
 F = Levels seen in this place.
 G = Mean time per level.
                   A        B        C        D        E       F      G
               +--------+--------+--------+--------+--------+-----+--------+
         Total |  77959 |  70417 |   7542 |  12762 |  40430 |  48 | 1624.1 |
       Dungeon |  22872 |  18950 |   3922 |   2897 |  12449 |  15 | 1524.8 |
          Lair |   9432 |   8580 |    852 |   1949 |   4807 |   5 | 1886.4 |
         Swamp |   3374 |   3040 |    334 |    254 |   1977 |   4 |  843.5 |
   Spider Nest |   6563 |   6247 |    316 |   1557 |   3146 |   4 | 1640.8 |
  Orcish Mines |   3808 |   3294 |    514 |    704 |   2022 |   2 | 1904.0 |
        Vaults |  10366 |   9750 |    616 |   1352 |   5102 |   5 | 2073.2 |
        Depths |  10280 |   9803 |    477 |   1861 |   5451 |   4 | 2570.0 |
           Zot |   8902 |   8395 |    507 |   1383 |   4535 |   5 | 1780.4 |
       Ossuary |    923 |    923 |      0 |    239 |    495 |   1 |  923.0 |
       Volcano |    552 |    552 |      0 |    295 |    101 |   1 |  552.0 |
      Gauntlet |    853 |    853 |      0 |    268 |    342 |   1 |  853.0 |
         Arena |     29 |     29 |      0 |      0 |      0 |   1 |   29.0 |
               +--------+--------+--------+--------+--------+-----+--------+

Top non-repeatable levels by time:
Depths:2: 3829 daAuts
Depths:3: 2983 daAuts
Vaults:5: 2680 daAuts
   Orc:1: 2537 daAuts
Depths:1: 2368 daAuts
   Zot:1: 2340 daAuts
  Lair:2: 2316 daAuts
  Lair:4: 2251 daAuts
Vaults:2: 2166 daAuts
     D:6: 2141 daAuts
Vaults:3: 2113 daAuts
   Zot:4: 2091 daAuts
    D:10: 1977 daAuts
  Lair:5: 1937 daAuts
     D:9: 1928 daAuts
